 Dungeon Crawl Stone Soup version 0.27-a0-1319-geec4fb4e21 (webtiles) character file.

Game seed: 2010315347648156333

19112 dickylongcocking the Fighter (level 13, -17/103 HPs)
             Began as a Djinni Fire Elementalist on June 22, 2021.
             Was a Believer of Ru.
             Demolished by an ettin (25 damage)
             ... on level 2 of the Orcish Mines.
             The game lasted 00:19:40 (19418 turns).

dickylongcocking the Fighter (DjFE)                Turns: 19418, Time: 00:19:40

Health: -17/103    AC:  7    Str:  7    XL:     13   Next: 2%
Gold:   683        EV: 18    Int: 21    God:    Ru [**....] SH:  0 Dex: 18

rFire    + + +     SeeInvis .   p - +0 dagger (venom)
rCold    . . .     Faith    .   (no shield)
rNeg     . . .     Spirit   .   w - +0 troll leather armour
rPois    ∞         Reflect  .   l - +1 helmet
rElec    .         Harm     .   u - scarf {rC+ rF+}
rCorr    .         Rampage  .   k - +0 pair of gloves
Will     .....                  (boots unavailable)
Stlth    ..........             t - amulet of the acrobat
HPRegen  1.27/turn              z - ring of the Blind Eye {EV+4 Dex+3}
MPRegen  0.00/turn              b - ring of wizardry

@: flying, invisible
A: sickness immunity, fire resistance 2, cold vulnerability 1, no stealth,
weak-willed 1, float, innate caster, hp casting, extra vitality 1
a: Renounce Religion


You were on level 2 of the Orcish Mines.
You worshipped Ru.
Ru was pleased with you.
You visited 3 branches of the dungeon, and saw 13 of its levels.

You collected 1099 gold pieces.
You spent 416 gold pieces at shops.

Inventory:

Hand Weapons
 c - a +0 dagger
 n - a +0 dagger of protection
 p - a +0 dagger of venom (weapon)
 D - a +2 trident of protection
Missiles
 i - 2 curare-tipped darts
 q - 4 throwing nets
Armour
 a - a +0 robe
 k - a +0 pair of gloves (worn)
 l - a +1 helmet (worn)
 u - a scarf of resistance (worn)
 w - a +0 troll leather armour (worn)
 B - a +2 robe of fire resistance
Magical Staves
 f - a staff of poison
 y - a staff of death
Jewellery
 b - a ring of wizardry (right hand)
 t - an amulet of the acrobat (around neck)
 z - the ring of the Blind Eye (left hand) {EV+4 Dex+3}
   (You found it on level 1 of the Orcish Mines)

   [ring of evasion]

   It affects your evasion (+4).
   It affects your dexterity (+3).
 G - a ring of resist corrosion
Wands
 x - a wand of iceblast (5)
 K - a wand of acid (11)
Scrolls
 d - 4 scrolls of teleportation
 e - 3 scrolls of immolation
 j - 2 scrolls of vulnerability
 s - 3 scrolls of enchant weapon
Potions
 g - a potion of cancellation
 h - a potion of might
 m - 3 potions of invisibility
 o - 2 potions of flight
 r - a potion of brilliance
 v - a potion of lignification
 C - a potion of berserk rage
 E - a potion of degeneration
 F - 2 potions of ambrosia
 H - a potion of attraction
Miscellaneous
 A - a box of beasts


   Skills:
 * Level 13.5 Fighting
 * Level 6.2 Dodging
 - Level 0.4 Unarmed Combat
 * Level 11.1 Spellcasting


You couldn't memorise any spells.
You knew the following spells:

 Your Spells              Type           Power      Damage    Failure   Level
a - Foxfire               Conj/Fire      100%       2x1d9     1%          1
b - Conjure Flame         Conj/Fire      56%        6-21      1%          3
c - Inner Flame           Hex/Fire       56%        N/A       1%          3
d - Sticky Flame          Conj/Fire      56%        2d7       1%          4
e - Fireball              Conj/Fire      28%        3d12      1%          5
f - Beastly Appendage     Tmut           100%       N/A       1%          1
g - Ensorcelled Hibernat  Hex/Ice        100%       N/A       1%          2
h - Tukima's Dance        Hex            56%        N/A       1%          3
i - Animate Armour        Summ/Erth      100%       N/A       1%          4
j - Leda's Liquefaction   Hex/Erth       28%        N/A       1%          4
k - Iskenderun's Battles  Conj           56%        2d11      1%          5
Your spell library was empty.

Dungeon Overview and Level Annotations

Branches:
Dungeon (10/15)            Temple (1/1) D:7            Lair (0/6) D:10
    Orc (2/2) D:10
    Elf: Orc:2

Altars:
Ashenzari
Cheibriados
Dithmenos
Elyvilon
Fedhas
Gozag
Hepliaklqana
Kikubaaqudgha
Makhleb
Nemelex Xobeh
Okawaru
Qazlal
Ru
Sif Muna
Trog
Uskayaw
Vehumet
Wu Jian
Xom
Yredelemnul
Zin
The Shining One

Shops:
D:7 [   D:8 *:


Innate Abilities, Weirdness & Mutations

You are immune to sickness and miasma.
You are immune to poison.
Your flesh is very heat resistant. (rF++)
You are vulnerable to cold. (rC-)
You cannot be stealthy.
You are slightly weak-willed. (Will-)
You float through the air rather than walking.
You learn spells naturally, not from books.
Your magical power is your life essence.
You have superior vitality. (+4 HP)


Message History

The orc is filled with an inner flame.
The orc barely misses you. The ettin barely misses you.
The ettin hits you with a +0 vorpal dire flail.
The orc priest begins to pray, but is stunned by your conviction!
Unknown command.
Casting: Inner Flame (safe; 1% risk of failure)
Confirm with . or Enter, or press ? or * to list all spells.
Aiming: Sticky Flame (safe; 1% risk of failure)
Press: ? - help, Shift-Dir - straight line, f/p - orc
Aim: an orc, wielding a +0 hand axe (inner flame, 100% to hit)
The sticky flame hits the orc!
The orc explodes!
The fiery explosion engulfs you. You resist.
The fiery explosion engulfs the orc!!
You kill the orc!
The fiery explosion engulfs the ettin!
The ettin is lightly wounded.
You are engulfed in blazing flames.
You resist.
You hear a shout! x4
The ettin completely misses you.
The ettin hits you with a +0 vorpal dire flail!!
* * * LOW HITPOINT WARNING * * *
x2 The orc priest invokes the aid of Beogh against you.
Beogh smites you!
* * * LOW HITPOINT WARNING * * *
The orc priest looks encouraged for a moment.
Unknown command.
Unknown command.
Unknown command.
Okay, then.
The ettin is engulfed in blazing flames.
The orc priest calls down the wrath of Beogh upon you.
Pain shoots through your body!
* * * LOW HITPOINT WARNING * * *
Unknown command.
Okay, then.
You fade into invisibility!
The ettin is engulfed in blazing flames.
The ettin hits you with a +0 dire flail!!
You die...

#................#
#........ooo.....#
#.......o........#
#................#
#......o.........#
#..o§§§..........#
#...§§§............
##..C.§............
#..@.............
#................
#...............
#..............
#.....$.......
##...........
...........
##..........


You could see an ettin, 4 orc priests and 2 orcs.

Vanquished Creatures
  A stone giant (Orc:1)
  3 ettins
  Harold (D:7)
  2 two-headed ogres (D:9)
  Pikel (D:7)
  3 orc sorcerers
  14 cyclopes (Orc:1)
  Joseph (D:7)
  Psyche (D:8)
  2 trolls
  2 hornets
  Prince Ribbit (D:5)
  6 yaks (D:8)
  Eustachio (D:5)
  Menkaure (D:5)
  3 wargs (Orc:1)
  An acid dragon (D:9)
  8 orc warriors
  A hornet zombie (D:8)
  2 black bears
  3 wolves (Orc:1)
  3 ogres
  3 centaurs
  A phantom (D:5)
  A gnoll sergeant (D:9)
  3 bullfrogs
  Blork the orc (D:5)
  2 wyvern skeletons
  3 wights (D:10)
  3 howler monkeys
  2 electric eels (D:10)
  2 centaur zombies
  3 hounds
  A gnoll shaman (D:5)
  11 orc priests
  A bullfrog skeleton (D:4)
  A centaur skeleton (D:7)
  A scorpion zombie (D:3)
  Natasha (thrice) (D:2)
  2 iguanas
  12 orc wizards
  Robin (D:3)
  4 howler monkey zombies
  16 gnolls
  2 adders (D:2)
  3 white imps (D:7)
  An ufetubus (D:7)
  An adder skeleton (D:4)
  A worm (D:3)
  2 dart slugs (D:1)
  41 orcs
  5 ball pythons
  3 bats
  4 endoplasms
  2 giant cockroaches
  15 goblins
  10 hobgoblins
  6 jackals
  3 quokkas
  3 frilled lizards
  4 kobolds
  9 rats
253 creatures vanquished.

Vanquished Creatures (collateral kills)
  An orc (D:8)
  A ball python (D:4)
  3 foxfires (D:1)
5 creatures vanquished.

Vanquished Creatures (others)
  A dancing weapon (D:7)
  473 foxfires
  3 plants
477 creatures vanquished.

Grand Total: 735 creatures vanquished

Notes
Turn   | Place    | Note
-------+----------+-------------------------------------------
     0 | D:1      | dickylongcocking the Djinni Fire Elementalist began the
                  | quest for the Orb.
     0 | D:1      | Reached XP level 1. HP: 15/15 MP: 0/0
   568 | D:1      | Reached XP level 2. HP: 17/21 MP: 0/0
   900 | D:1      | Found a faded altar of an unknown god.
  1199 | D:1      | Became a worshipper of Ru the Awakened
  1291 | D:1      | Gained mutation: You are slightly weak-willed. (Will-) [Ru
                  | sacrifice]
  1291 | D:1      | Reached * piety under Ru
  1648 | D:1      | Reached XP level 3. HP: 22/26 MP: 0/0
  1648 | D:1      | Learned a level 1 spell: Beastly Appendage
  1652 | D:1      | Reached skill level 1 in Fighting
  2008 | D:2      | Noticed Natasha
  2020 | D:2      | Killed Natasha
  2021 | D:2      | Reached XP level 4. HP: 10/32 MP: 0/0
  2501 | D:2      | Noticed Natasha
  2509 | D:2      | Reached skill level 2 in Fighting
  3094 | D:2      | Killed Natasha
  3095 | D:2      | Reached XP level 5. HP: 35/39 MP: 0/0
  3095 | D:2      | Learned a level 2 spell: Ensorcelled Hibernation
  3146 | D:2      | Noticed Natasha
  3154 | D:2      | Killed Natasha
  3706 | D:3      | Noticed Robin
  3710 | D:3      | Killed Robin
  3711 | D:3      | Reached skill level 3 in Fighting
  3925 | D:3      | Reached XP level 6. HP: 38/46 MP: 0/0
  4792 | D:3      | Found a bloodstained altar of Trog.
  4990 | D:4      | Found a white marble altar of Elyvilon.
  5009 | D:4      | Reached skill level 4 in Fighting
  5403 | D:4      | Reached XP level 7. HP: 35/52 MP: 0/0
  5403 | D:4      | Learned a level 3 spell: Tukima's Dance
  5899 | D:4      | Gained mutation: You cannot be stealthy. [Ru sacrifice]
  5899 | D:4      | Reached ** piety under Ru
  6054 | D:4      | Reached skill level 5 in Fighting
  6674 | D:5      | Entered Level 5 of the Dungeon
  6716 | D:5      | Noticed Menkaure
  6726 | D:5      | Killed Menkaure
  6727 | D:5      | Reached skill level 5 in Spellcasting
  6727 | D:5      | Reached XP level 8. HP: 22/60 MP: 0/0
  7414 | D:5      | Found a hazy altar of Hepliaklqana.
  7415 | D:5      | Noticed Prince Ribbit
  7425 | D:5      | Killed Prince Ribbit
  7426 | D:5      | Reached skill level 6 in Fighting
  8099 | D:5      | Noticed Eustachio
  8112 | D:5      | Killed Eustachio
  8226 | D:5      | Noticed Blork the orc
  8239 | D:5      | Killed Blork the orc
  8240 | D:5      | Reached skill level 7 in Fighting
  8532 | D:6      | Reached XP level 9. HP: 62/68 MP: 0/0
  8532 | D:6      | Learned a level 4 spell: Animate Armour
  8711 | D:6      | Found a snail-covered altar of Cheibriados.
  9154 | D:7      | Found a staircase to the Ecumenical Temple.
  9205 | Temple   | Entered the Ecumenical Temple
  9309 | D:7      | Noticed Pikel
  9319 | D:7      | Killed Pikel
  9320 | D:7      | Reached skill level 8 in Fighting
  9462 | D:7      | Noticed Joseph
  9474 | D:7      | Killed Joseph
  9757 | D:7      | Found a shimmering altar of Xom.
 10178 | D:7      | Noticed Harold
 10197 | D:7      | Killed Harold
 10198 | D:7      | Reached skill level 9 in Fighting
 10198 | D:7      | Reached XP level 10. HP: 10/78 MP: 0/0
 10636 | D:7      | Found a glowing silver altar of Zin.
 10661 | D:7      | Found Hapeplu's Armour Boutique.
 10695 | D:7      | You are sucked into a shaft and drop 3 floors!
 10695 | D:10     | Entered Level 10 of the Dungeon
 10729 | D:9      | Identified the +4 quarterstaff "Qiloafuu" {vorpal, *Corrode
                  | rPois Int-5 SInv}
 10785 | D:8      | Found Yskyet's General Store.
 10797 | D:8      | Reached skill level 10 in Fighting
 11329 | D:8      | Found Iwuat's Book Emporium.
 11354 | D:8      | Noticed Psyche
 11375 | D:8      | Killed Psyche
 12302 | D:7      | Bought a scarf of resistance for 416 gold pieces
 12835 | D:9      | Noticed a two-headed ogre
 12840 | D:9      | Noticed a two-headed ogre
 12844 | D:9      | Killed a two-headed ogre
 12845 | D:9      | Reached XP level 11. HP: 27/86 MP: 0/0
 12845 | D:9      | Learned a level 4 spell: Leda's Liquefaction
 13094 | D:9      | Killed a two-headed ogre
 13095 | D:9      | Reached skill level 11 in Fighting
 13590 | D:9      | Found a hide-covered altar of Uskayaw.
 14802 | D:10     | Found a staircase to the Lair.
 15632 | D:10     | Found a staircase to the Orcish Mines.
 15705 | Orc:1    | Entered Level 1 of the Orcish Mines
 15707 | Orc:1    | Noticed a cyclops
 15719 | Orc:1    | Killed a cyclops
 15786 | Orc:1    | Noticed a cyclops
 16161 | Orc:1    | Killed a cyclops
 16162 | Orc:1    | Reached skill level 12 in Fighting
 16266 | Orc:1    | Reached skill level 10 in Spellcasting
 16272 | Orc:1    | Noticed an ettin
 16288 | D:10     | Killed an ettin
 16548 | Orc:1    | Noticed a cyclops
 16549 | Orc:1    | Noticed a cyclops
 16551 | Orc:1    | Noticed a cyclops
 16554 | Orc:1    | Killed a cyclops
 16555 | Orc:1    | Killed a cyclops
 16558 | Orc:1    | Killed a cyclops
 16559 | Orc:1    | Reached XP level 12. HP: 58/96 MP: 0/0
 16562 | Orc:1    | HP: 3/96 [cyclops/large rock (31)]
 18371 | Orc:1    | Noticed a stone giant
 18371 | Orc:1    | Noticed an ettin
 18372 | Orc:1    | Reached skill level 13 in Fighting
 18456 | Orc:1    | Killed an ettin
 18707 | Orc:1    | Reached skill level 5 in Dodging
 18835 | Orc:1    | Paralysed by an orc sorcerer for 6 turns
 19177 | Orc:1    | Noticed an ettin
 19189 | Orc:1    | Killed an ettin
 19218 | Orc:1    | Killed a stone giant
 19299 | Orc:1    | Identified the ring of the Blind Eye {EV+4 Dex+3}
 19388 | Orc:2    | Entered Level 2 of the Orcish Mines
 19396 | Orc:2    | Noticed an ettin
 19396 | Orc:2    | Paralysed by an orc sorcerer for 2 turns
 19401 | Orc:2    | Reached XP level 13. HP: 97/103 MP: 0/0
 19401 | Orc:2    | Learned a level 5 spell: Iskenderun's Battlesphere
 19418 | Orc:2    | Demolished by an ettin

Illustrated notes

Levels and vault maps discovered:
D:1:      ncdulo_halloftheorcs, layout_basic,
          shapermc_ecumenical_altar_starsandcircs, serial_bayou_lagoon_a,
          hex_medium
D:2:      layout_basic, minmay_tetromino_l2, uniq_natasha
D:3:      layout_loops_ring, trog_hazing_becter, uniq_robin
D:4:      layout_loops_corners, lemuel_tele_altar
D:5:      layout_loops_ring, old_standard_altar, chequers_serial_rivers_micro_a,
          chequers_mini_garden, uniq_blork_the_orc, uniq_eustachio,
          uniq_prince_ribbit1, uniq_menkaure
D:6:      layout_basic, nicolae_overflow_crystal_walls
D:7:      layout_gridville, kennysheep_little_box, kennysheep_mini_moat,
          overflow_temple_1_default, temple_doors_cd, serial_shops, shop,
          uniq_harold, uniq_joseph, uniq_pikel
D:8:      layout_cave_pools, serial_shops, nicolae_shop_window_shopping, shop,
          uniq_psyche
D:9:      layout_gridville, marbit_many_paths, kennysheep_mini
D:10:     layout_small_grid, lair_entry_dummy, erik_orc_2
Temple:   cyrus_circular_temple
Orc:1:    giant_chief_lemuel, layout_diamond_mine, serial_shops,
          nicolae_lakefront_shop
Orc:2:    st_orc_congregation, layout_diamond_mine

Skill      XL: |  1  2  3  4  5  6  7  8  9 10 11 12 |
---------------+-------------------------------------+-----
Spellcasting   | 3 4 5 6 7 9 10 11 | 11.1
Fighting       | 1 2 3 4 5 7 9 10 12 13 | 13.5
Stealth        | 0 |  0.0
Dodging        | 6 |  6.2
Unarmed Combat | |  0.4

Action                   |  1- 3 |  4- 6 |  7- 9 | 10-12 | 13-15 || total
-------------------------+-------+-------+-------+-------+-------++-------
Melee: Unarmed           |     9 |       |       |     9 |       ||    18
       Dagger            |     5 |    73 |    56 |     1 |       ||   135
       Staff             |     2 |     2 |     6 |    14 |       ||    24
 Cast: Foxfire           |    55 |   131 |    67 |    72 |       ||   325
       Inner Flame       |       |     6 |     4 |    14 |     1 ||    25
       Sticky Flame      |       |     5 |    31 |    49 |     1 ||    86
       Ensorcelled Hiber |       |     1 |     2 |     6 |     1 ||    10
       Tukima's Dance    |       |       |     4 |       |       ||     4
       Animate Armour    |       |       |     1 |     3 |       ||     4
       Fireball          |       |       |       |   100 |       ||   100
       Leda's Liquefacti |       |       |       |     1 |       ||     1
Invok: Sacrifice Essence |     1 |       |       |       |       ||     1
       Sacrifice Stealth |       |       |     1 |       |       ||     1
       Reject Sacrifices |       |       |       |     1 |       ||     1
Evoke: Wand              |       |       |       |     3 |       ||     3
  Use: Potion            |       |     1 |     6 |     6 |     1 ||    14
       Scroll            |       |       |       |    27 |       ||    27
Armor: Robe              |     5 |    40 |    29 |    31 |       ||   105
       Skin              |       |       |       |     5 |       ||     5
Dodge: Dodged            |    14 |    57 |    75 |   112 |     7 ||   265

Table legend: (Time is in decaauts)
 A = Elapsed time spent in this place.
 B = Non-inter-level travel time spent in this place.
 C = Inter-level travel time spent in this place.
 D = Time resting spent in this place.
 E = Time spent auto-exploring this place.
 F = Levels seen in this place.
 G = Mean time per level.
                   A        B        C        D        E       F      G
               +--------+--------+--------+--------+--------+-----+--------+
         Total |  19436 |  18682 |    754 |   4888 |  11695 |  13 | 1495.1 |
       Dungeon |  16635 |  15966 |    669 |   3639 |  10664 |  10 | 1663.5 |
        Temple |     66 |     58 |      8 |      0 |     57 |   1 |   66.0 |
  Orcish Mines |   2734 |   2658 |     76 |   1249 |    974 |   2 | 1367.0 |
               +--------+--------+--------+--------+--------+-----+--------+

Top non-repeatable levels by time:
   Orc:1: 2704 daAuts
     D:7: 2301 daAuts
    D:10: 2228 daAuts
     D:1: 1951 daAuts
     D:5: 1706 daAuts
     D:4: 1688 daAuts
     D:9: 1613 daAuts
     D:2: 1536 daAuts
     D:3: 1496 daAuts
     D:8: 1472 daAuts
     D:6: 640 daAuts
  Temple: 66 daAuts
   Orc:2: 29 daAuts
